TOP OF THE 1ST |
Coastal Carolina University Chanticleers batting - Pitching for University of Alabama Crimson Tide : RHP Devon Gustafson
|
Pitching: RHP Devon Gustafson
|
|
Batting: RHB Milutin Kraljevic
|
0-0: Ball 1-0: Ball 2-0: Ball 3-0: Called Strike 3-1: Called Strike 3-2: Strikes out swinging
|
Batting: RHB Mike Mallory
|
0-0: Called Strike 0-1: Ball 1-1: SINGLE (Line Drive, 9LS, EV 99.4 MPH)
|
Batting: LHB Burt Caffyn
|
0-0: Ball 1-0: Called Strike Mike Mallory is caught stealing 2nd base 2-6 1-1: Ground out 5-3 (Groundball, 5L, EV 85.0 MPH)
|
Top of the 1st over - 0 runs, 1 hit, 0 errors, 0 left on base; Coastal Carolina University 0 - University of Alabama 0 |
BOTTOM OF THE 1ST |
University of Alabama Crimson Tide batting - Pitching for Coastal Carolina University Chanticleers : LHP Michael Record
|
Pitching: LHP Michael Record
|
|
Batting: RHB Manuel Cruz
|
0-0: Called Strike 0-1: Called Strike 0-2: Hit by Pitch
|
Batting: LHB Aidan Roberts
|
0-0: Called Strike 0-1: Ball Manuel Cruz is caught stealing 2nd base 2-6 1-1: Ball 2-1: Called Strike 2-2: Ball 3-2: SINGLE (Groundball, 13, EV 88.1 MPH) (infield hit)
|
Batting: RHB Mitchell Sebuggwawo
|
0-0: Called Strike Aidan Roberts steals 2nd base 0-1: SINGLE (Groundball, 56D, EV 100.0 MPH) Aidan Roberts to third
|
Batting: LHB Jang-jin Kym
|
0-0: Called Strike 0-1: Fly out, F9 (Flyball, 89M, EV 89.4 MPH)
|
Batting: LHB Thie Hofmann
|
0-0: Called Strike 0-1: Foul Ball, location: 2F 0-2: Foul Ball, location: 2F 0-2: Ball 1-2: Foul Ball, location: 2F 1-2: Ball 2-2: Ball 3-2: Ground out U3 (Groundball, 3D, EV 103.8 MPH)
|
Bottom of the 1st over - 0 runs, 2 hits, 0 errors, 2 left on base; Coastal Carolina University 0 - University of Alabama 0 |
TOP OF THE 2ND |
Coastal Carolina University Chanticleers batting - Pitching for University of Alabama Crimson Tide : RHP Devon Gustafson
|
Batting: RHB Greg Bennett
|
0-0: Ball 1-0: Called Strike 1-1: Called Strike 1-2: Foul Ball, location: 2F 1-2: Ball 2-2: Ground out 6-3 (Groundball, 4MS, EV 79.4 MPH)
|
Batting: LHB Matt McGinley
|
0-0: Ball 1-0: Ball 2-0: Called Strike 2-1: Ball 3-1: Fly out, F8 (Flyball, 8LD, EV 97.5 MPH)
|
Batting: SHB Nestor Sandoval
|
0-0: Called Strike 0-1: Ball 1-1: Swinging Strike 1-2: Strikes out swinging
|
Top of the 2nd over - 0 runs, 0 hits, 0 errors, 0 left on base; Coastal Carolina University 0 - University of Alabama 0 |
BOTTOM OF THE 2ND |
University of Alabama Crimson Tide batting - Pitching for Coastal Carolina University Chanticleers : LHP Michael Record
|
Batting: RHB Quincy Parks
|
0-0: Foul Ball, location: 2F 0-1: Hit by Pitch
|
Batting: RHB Jimmy Bailey
|
0-0: Fly out, F9 (Flyball, 9, EV 80.6 MPH)
|
Batting: LHB Brian Probasco
|
0-0: Foul Ball, location: 2F 0-1: SINGLE (Line Drive, 7S, EV 86.9 MPH) Quincy Parks to second
|
Batting: RHB Alex Leiva
|
0-0: Ball 1-0: Ball 2-0: Foul Ball, location: 2F 2-1: Grounds into double play, 5-4-3 (Groundball, 56, EV 97.5 MPH)
|
Bottom of the 2nd over - 0 runs, 1 hit, 0 errors, 1 left on base; Coastal Carolina University 0 - University of Alabama 0 |
TOP OF THE 3RD |
Coastal Carolina University Chanticleers batting - Pitching for University of Alabama Crimson Tide : RHP Devon Gustafson
|
Batting: RHB Darren Allan
|
0-0: Foul Ball, location: 2F 0-1: Ball 1-1: Fly out, F4 (Popup, 4, EV 75.0 MPH)
|
Batting: SHB William Potter
|
0-0: Ball 1-0: Called Strike 1-1: Foul Ball, location: 2F 1-2: Ground out 4-3 (Groundball, 34, EV 105.0 MPH)
|
Batting: RHB John Granter
|
0-0: Ball 1-0: Foul Ball, location: 2F 1-1: Foul Ball, location: 2F 1-2: Foul Ball, location: 2F 1-2: Ball 2-2: Foul Ball, location: 2F 2-2: Fly out, F8 (Flyball, 8RD, EV 75.6 MPH)
|
Top of the 3rd over - 0 runs, 0 hits, 0 errors, 0 left on base; Coastal Carolina University 0 - University of Alabama 0 |
BOTTOM OF THE 3RD |
University of Alabama Crimson Tide batting - Pitching for Coastal Carolina University Chanticleers : LHP Michael Record
|
Batting: RHB Manuel Cruz
|
0-0: Ball 1-0: Fly out, F3 (Popup, 3F, EV 68.8 MPH)
|
Batting: LHB Aidan Roberts
|
0-0: Ball 1-0: Called Strike 1-1: Ball 2-1: Foul Ball, location: 2F 2-2: Foul Ball, location: 2F 2-2: Foul Ball, location: 2F 2-2: Ball 3-2: Base on Balls
|
Batting: RHB Mitchell Sebuggwawo
|
0-0: Ball Aidan Roberts steals 2nd base 1-0: Foul Ball, location: 2F 1-1: Ground out 5-3 (Groundball, 5S, EV 78.8 MPH)
|
Batting: LHB Jang-jin Kym
|
0-0: Foul Ball, location: 2F 0-1: Called Strike 0-2: Ball 1-2: Foul Ball, location: 2F 1-2: Fly out, F7 (Flyball, 7LM, EV 86.2 MPH)
|
Bottom of the 3rd over - 0 runs, 0 hits, 0 errors, 1 left on base; Coastal Carolina University 0 - University of Alabama 0 |
TOP OF THE 4TH |
Coastal Carolina University Chanticleers batting - Pitching for University of Alabama Crimson Tide : RHP Devon Gustafson
|
Batting: RHB Milutin Kraljevic
|
0-0: Ball 1-0: Foul Ball, location: 2F 1-1: Foul Ball, location: 2F 1-2: Ball 2-2: Ball 3-2: Fly out, F7 (Line Drive, 7, EV 94.4 MPH)
|
Batting: RHB Mike Mallory
|
0-0: Called Strike 0-1: Swinging Strike 0-2: Strikes out swinging
|
Batting: LHB Burt Caffyn
|
0-0: Ball 1-0: Called Strike 1-1: Foul Ball, location: 2F 1-2: Foul Ball, location: 2F 1-2: SINGLE (Groundball, 34D, EV 109.4 MPH)
|
Batting: RHB Greg Bennett
|
0-0: Ball 1-0: Reached on error, E5 (Groundball, 56, EV 90.0 MPH) Burt Caffyn to second
|
Batting: LHB Matt McGinley
|
0-0: Called Strike 0-1: Foul Ball, location: 2F 0-2: Foul Ball, location: 2F 0-2: Fly out, F8 (Flyball, 8RD, EV 94.4 MPH)
|
Top of the 4th over - 0 runs, 1 hit, 1 error, 2 left on base; Coastal Carolina University 0 - University of Alabama 0 |
BOTTOM OF THE 4TH |
University of Alabama Crimson Tide batting - Pitching for Coastal Carolina University Chanticleers : LHP Michael Record
|
Batting: LHB Thie Hofmann
|
0-0: Ball 1-0: Foul Ball, location: 2F 1-1: Fly out, F7 (Flyball, 7S, EV 85.6 MPH)
|
Batting: RHB Quincy Parks
|
0-0: Called Strike 0-1: Ball 1-1: Called Strike 1-2: Strikes out swinging
|
Batting: RHB Jimmy Bailey
|
0-0: Ball 1-0: SOLO HOME RUN (Flyball, 7LD, EV 91.2 MPH), Distance : 358 ft
|
Batting: LHB Brian Probasco
|
0-0: Ball 1-0: Called Strike 1-1: Foul Ball, location: 2F 1-2: Foul Ball, location: 2F 1-2: Foul Ball, location: 2F 1-2: Foul Ball, location: 2F 1-2: Ball 2-2: Ground out 4-3 (Groundball, 4, EV 93.1 MPH)
|
Bottom of the 4th over - 1 run, 1 hit, 0 errors, 0 left on base; Coastal Carolina University 0 - University of Alabama 1 |
TOP OF THE 5TH |
Coastal Carolina University Chanticleers batting - Pitching for University of Alabama Crimson Tide : RHP Devon Gustafson
|
Now at 1B: Daniel Hernandez
|
|
Now in LF: Felipe Leon
|
|
Batting: SHB Nestor Sandoval
|
0-0: Ball 1-0: Ball 2-0: Ball 3-0: Called Strike 3-1: Base on Balls
|
Batting: RHB Darren Allan
|
0-0: Ball 1-0: Foul Ball, location: 2F 1-1: Foul Ball, location: 2F 1-2: Foul Ball, location: 2F 1-2: Foul Ball, location: 2F 1-2: Ball 2-2: Foul Ball, location: 2F 2-2: Ball 3-2: Grounds out, U3 (Groundball, 3L, EV 110.0 MPH)
|
Pitching: LHP Bayani Razote
|
|
Pinch Hitting: RHB Mike Howard
|
0-0: Foul Ball, location: 2F 0-1: Foul Ball, location: 2F 0-2: Ball 1-2: Ground out 4-3 (Groundball, 4, EV 85.0 MPH) Nestor Sandoval to third
|
Batting: RHB John Granter
|
0-0: Ball 1-0: Called Strike 1-1: Foul Ball, location: 2F 1-2: Ball 2-2: Ball 3-2: Ground out 4-3 (Groundball, 4, EV 98.1 MPH)
|
Top of the 5th over - 0 runs, 0 hits, 0 errors, 1 left on base; Coastal Carolina University 0 - University of Alabama 1 |
BOTTOM OF THE 5TH |
University of Alabama Crimson Tide batting - Pitching for Coastal Carolina University Chanticleers : LHP Michael Record
|
Pitching: RHP Pete Swett
|
|
Now at 3B: Aaron DeZeeuw
|
|
Batting: RHB Alex Leiva
|
0-0: Ball 1-0: Ball 2-0: Ball 3-0: Called Strike 3-1: Fly out, F8 (Line Drive, 8RM, EV 96.2 MPH)
|
Pinch Hitting: RHB Travis Jackson
|
0-0: Ball 1-0: Foul Ball, location: 2F 1-1: Fly out, F8 (Flyball, 8LXD, EV 106.9 MPH)
|
Batting: RHB Felipe Leon
|
0-0: Called Strike 0-1: Ball 1-1: Ball 2-1: Ground out 5-3 (Groundball, 5, EV 92.5 MPH)
|
Bottom of the 5th over - 0 runs, 0 hits, 0 errors, 0 left on base; Coastal Carolina University 0 - University of Alabama 1 |
TOP OF THE 6TH |
Coastal Carolina University Chanticleers batting - Pitching for University of Alabama Crimson Tide : LHP Bayani Razote
|
Pitching: RHP Jim Linder
|
|
Now at C: Brett Wilk
|
|
Now in CF: Travis Jackson
|
|
Pinch Hitting: LHB Brad Duncan
|
0-0: Ball 1-0: Reached on error, E8 (Flyball, 8RS, EV 90.0 MPH)
|
Pinch Hitting: RHB Chien Ly
|
0-0: Ball 1-0: Ball 2-0: Fielders Choice at 2nd, 1-4 (Groundball, 15S, EV 68.8 MPH)
|
Batting: LHB Burt Caffyn
|
0-0: Ball 1-0: Foul Ball, location: 2F 1-1: Ball 2-1: Ball 3-1: Base on Balls Chien Ly to second
|
Batting: RHB Bradley King
|
0-0: Ball 1-0: Foul Ball, location: 2F 1-1: Ball 2-1: Ball 3-1: Swinging Strike 3-2: Strikes out swinging
|
Batting: LHB Matt McGinley
|
0-0: Ball 1-0: Foul Ball, location: 2F 1-1: Ball 2-1: Foul Ball, location: 2F 2-2: Foul Ball, location: 2F 2-2: Foul Ball, location: 2F 2-2: Ball 3-2: Foul Ball, location: 2F 3-2: Ground out 6-3 (Groundball, P, EV 88.1 MPH)
|
Top of the 6th over - 0 runs, 0 hits, 1 error, 2 left on base; Coastal Carolina University 0 - University of Alabama 1 |
BOTTOM OF THE 6TH |
University of Alabama Crimson Tide batting - Pitching for Coastal Carolina University Chanticleers : RHP Pete Swett
|
Pitching: RHP Harvey Newberry
|
|
Now at 2B: Darren Allan
|
|
Now at SS: Brad Duncan
|
|
Now in LF: Chien Ly
|
|
Batting: RHB Brett Wilk
|
0-0: Foul Ball, location: 2F 0-1: SOLO HOME RUN (Flyball, 78XD, EV 114.4 MPH), Distance : 453 ft
|
Pinch Hitting: RHB Angel Lemus
|
0-0: Ball 1-0: Ball 2-0: Foul Ball, location: 2F 2-1: Ball 3-1: Foul Ball, location: 2F 3-2: Foul Ball, location: 2F 3-2: Fly out, F8 (Flyball, 8RS, EV 77.5 MPH)
|
Batting: LHB Daniel Hernandez
|
0-0: Swinging Strike 0-1: Ball 1-1: Called Strike 1-2: Strikes out swinging
|
Batting: RHB Quincy Parks
|
0-0: Ball 1-0: Ground out 5-3 (Groundball, 25, EV 89.4 MPH)
|
Bottom of the 6th over - 1 run, 1 hit, 0 errors, 0 left on base; Coastal Carolina University 0 - University of Alabama 2 |
TOP OF THE 7TH |
Coastal Carolina University Chanticleers batting - Pitching for University of Alabama Crimson Tide : RHP Jim Linder
|
Pitching: LHP Sergio Lopez
|
|
Now at 2B: Angel Lemus
|
|
Batting: SHB Nestor Sandoval
|
0-0: Ground out 6-3 (Groundball, 6, EV 107.5 MPH)
|
Batting: RHB Darren Allan
|
0-0: Ball 1-0: Called Strike 1-1: Called Strike 1-2: Foul Ball, location: 2F 1-2: Fly out, F6 (Line Drive, 6, EV 69.4 MPH)
|
Batting: RHB Aaron DeZeeuw
|
0-0: Ground out 6-3 (Groundball, 6, EV 81.2 MPH)
|
Top of the 7th over - 0 runs, 0 hits, 0 errors, 0 left on base; Coastal Carolina University 0 - University of Alabama 2 |
BOTTOM OF THE 7TH |
University of Alabama Crimson Tide batting - Pitching for Coastal Carolina University Chanticleers : RHP Harvey Newberry
|
Pitching: LHP Alex Miranda
|
|
Batting: RHB Tyler Giddens
|
0-0: Ball 1-0: Called Strike 1-1: Ball 2-1: Foul Ball, location: 2F 2-2: Ball 3-2: Strikes out swinging
|
Batting: LHB Brian Probasco
|
0-0: Called Strike 0-1: Swinging Strike 0-2: Ball 1-2: Strikes out swinging
|
Batting: RHB Alex Leiva
|
0-0: Ground out 6-3 (Groundball, 6, EV 101.2 MPH)
|
Bottom of the 7th over - 0 runs, 0 hits, 0 errors, 0 left on base; Coastal Carolina University 0 - University of Alabama 2 |
TOP OF THE 8TH |
Coastal Carolina University Chanticleers batting - Pitching for University of Alabama Crimson Tide : LHP Sergio Lopez
|
Pitching: RHP Andrew Wilson
|
|
Batting: RHB John Granter
|
0-0: Called Strike 0-1: Foul Ball, location: 2F 0-2: Fly out, F8 (Flyball, 8LM, EV 96.9 MPH)
|
Batting: LHB Brad Duncan
|
0-0: Ball 1-0: Foul Ball, location: 2F 1-1: Ball 2-1: Swinging Strike 2-2: Strikes out looking
|
Batting: RHB Chien Ly
|
0-0: Ball 1-0: Swinging Strike 1-1: Ground out 6-3 (Groundball, 6, EV 83.8 MPH)
|
Top of the 8th over - 0 runs, 0 hits, 0 errors, 0 left on base; Coastal Carolina University 0 - University of Alabama 2 |
BOTTOM OF THE 8TH |
University of Alabama Crimson Tide batting - Pitching for Coastal Carolina University Chanticleers : LHP Alex Miranda
|
Pitching: RHP Tony Green
|
|
Batting: RHB Travis Jackson
|
0-0: Foul Ball, location: 2F 0-1: Swinging Strike 0-2: Ball 1-2: Foul Ball, location: 2F 1-2: Ball 2-2: Ball 3-2: Strikes out swinging
|
Batting: RHB Felipe Leon
|
0-0: Called Strike 0-1: Ball 1-1: Called Strike 1-2: Foul Ball, location: 2F 1-2: Ball 2-2: Ball 3-2: Foul Ball, location: 2F 3-2: Foul Ball, location: 2F 3-2: Base on Balls
|
Batting: RHB Brett Wilk
|
0-0: Foul Ball, location: 2F 0-1: Foul Ball, location: 2F 0-2: Ball 1-2: Ball 2-2: Ball 3-2: Fly out, F8 (Flyball, 8LM, EV 82.5 MPH)
|
Pitching: RHP Bang-eun Na
|
|
Batting: RHB Angel Lemus
|
0-0: Ball 1-0: Ball 2-0: Foul Ball, location: 2F 2-1: Reached on error, E4 (Groundball, 34, EV 86.2 MPH) Felipe Leon to second
|
Batting: LHB Daniel Hernandez
|
0-0: Ball 1-0: Ball 2-0: Called Strike 2-1: Fly out, F8 (Flyball, 78M, EV 91.9 MPH)
|
Bottom of the 8th over - 0 runs, 0 hits, 1 error, 2 left on base; Coastal Carolina University 0 - University of Alabama 2 |
TOP OF THE 9TH |
Coastal Carolina University Chanticleers batting - Pitching for University of Alabama Crimson Tide : RHP Andrew Wilson
|
Pitching: LHP Ali Malone
|
|
Batting: LHB Burt Caffyn
|
0-0: Ball 1-0: Foul Ball, location: 2F 1-1: Ball 2-1: Foul Ball, location: 2F 2-2: Strikes out swinging
|
Batting: RHB Bradley King
|
0-0: SINGLE (Groundball, 6, EV 98.1 MPH)
|
Batting: LHB Matt McGinley
|
0-0: Called Strike 0-1: Ball 1-1: Foul Ball, location: 2F 1-2: Strikes out swinging
|
Batting: SHB Nestor Sandoval
|
0-0: Swinging Strike 0-1: Ball 1-1: Foul Ball, location: 2F 1-2: Foul Ball, location: 2F 1-2: Foul Ball, location: 2F 1-2: Strikes out swinging
|
Top of the 9th over - 0 runs, 1 hit, 0 errors, 1 left on base; Coastal Carolina University 0 - University of Alabama 2 |
|